 Dungeon Crawl Stone Soup version 0.28.0-43-g3370ac3207 (webtiles) character file.

Game seed: 6539728331952880849

69396 demenzo the Warrior (level 15, -18/180 HPs)
             Began as an Ogre Cinder Acolyte on Mar 28, 2022.
             Was a Priest of Ignis.
             Killed from afar by a deep elf knight (44 damage)
             ... with a shard of ice
             ... on level 13 of the Dungeon on Mar 29, 2022.
             The game lasted 00:41:11 (29965 turns).

demenzo the Warrior (Ogre Cinder Acolyte)          Turns: 29965, Time: 00:41:12

Health: -18/180    AC: 14    Str: 22    XL:     15   Next: 29%
Magic:  0/24       EV:  8    Int: 23    God:    Ignis [***...]
Gold:   1363       SH:  0    Dex:  4    Spells: 24/26 levels left

rFire   + . .      SeeInvis .   a - +2 giant spiked club (spect)
rCold   x . .      Faith    .   (shield currently unavailable)
rNeg    + + .      Spirit   +   K - +0 acid dragon scales
rPois   +          Reflect  .   s - +2 hat of Lugonu's Inspiration {rC- rN++ Will+ Int+2}
rElec   .          Harm     .   G - +0 cloak
rCorr   +          Rampage  .   (gloves unavailable)
Will    ++...                   (boots unavailable)
Stlth   ..........              X - amulet of guardian spirit
HPRegen 0.40/turn               A - ring of poison resistance
MPRegen 0.19/turn               O - +4 ring of protection

@: about to teleport, studying Throwing
A: large, unfitting armour, tough skin 1
a: Renounce Religion, Fiery Armour, Foxfire Swarm, Rising Flame


You were on level 13 of the Dungeon.
You worshipped Ignis.
Ignis was most pleased with you.
You visited 2 branches of the dungeon, and saw 19 of its levels.
You also visited: Ossuary and Gauntlet.

You collected 1363 gold pieces.

Inventory:

Hand Weapons
 a - a +2 spectral giant spiked club (weapon)
 b - a +1 shortbow of freezing
 T - the +8 hunting sling of Shame {flame, Fragile Str+7 Dex+3 Stlth-}
   (You found it in a Gauntlet)

   Any ammunition fired from it burns those it strikes, dealing additional fire
   damage.
   Str:       It affects your strength (+7).
   Dex:       It affects your dexterity (+3).
   Fragile:   It will be destroyed if unequipped.
   Stlth:     It makes you less stealthy.
Missiles
 c - 117 sling bullets
 d - 50 poisoned darts
 f - 519 arrows
 l - 96 bolts
 n - 418 stones
 t - a throwing net
 u - 12 boomerangs (quivered)
 y - 4 curare-tipped darts
 U - 4 silver javelins
 Z - 26 large rocks
Armour
 j - a +1 hat
 s - the +2 hat of Lugonu's Inspiration (worn) {rC- rN++ Will+ Int+2}
   (You acquired it on level 7 of the Dungeon)

   Int:       It affects your intelligence (+2).
   rC:        It makes you vulnerable to cold.
   rN:        It greatly protects you from negative energy.
   Will:      It increases your willpower.
 G - a +0 cloak (worn)
 K - +0 acid dragon scales (worn)
Magical Staves
 J - a staff of cold
Jewellery
 h - a ring of fire
 A - a ring of poison resistance (left hand)
 E - a ring of positive energy
 N - a ring of protection from fire
 O - a +4 ring of protection (right hand)
 R - a ring of wizardry
 X - an amulet of guardian spirit (around neck)
 Y - a ring of flight
Wands
 e - a wand of acid (6)
 r - a wand of flame (26)
 C - a wand of iceblast (12)
 F - a wand of polymorph (15)
 L - a wand of paralysis (22)
 M - a wand of digging (9)
 S - a wand of mindburst (6)
Scrolls
 g - 7 scrolls of teleportation
 i - 3 scrolls of summoning
 o - 3 scrolls of fog
 p - 4 scrolls of identify
 D - 2 scrolls of holy word
 I - a scroll of torment {unknown}
 Q - a scroll of fear
 V - a scroll of magic mapping
Potions
 k - 11 potions of curing
 m - a potion of attraction
 q - 10 potions of heal wounds
 v - 10 potions of might
 w - a potion of brilliance {unknown}
 x - a potion of invisibility
 z - 4 potions of haste
 B - 2 potions of resistance
 H - 6 potions of lignification
 W - 2 potions of mutation
Miscellaneous
 P - a box of beasts


   Skills:
 + Level 19.3 Fighting
 * Level 19.1 Maces & Flails
 - Level 6.0 Spellcasting
 - Level 5.4 Fire Magic


You had 24 spell levels left.
You knew the following spells:

 Your Spells              Type           Power      Damage    Failure   Level
a - Scorch                Fire           64%        2d8       1%          2

Your spell library contained the following spells:

 Spells                   Type           Power      Damage    Failure   Level
 Animate Skeleton         Necr           12%        N/A       11%         1
 Apportation              Tloc           12%        N/A       11%         1
 Pain                     Necr           24%        1d5       11%         1
 Slow                     Hex            24%        N/A       11%         1
 Summon Small Mammal      Summ           24%        N/A       11%         1
 Ensorcelled Hibernation  Hex/Ice        12%        N/A       16%         2
 Passwall                 Tmut/Erth      5%         N/A       16%         2
 Sublimation of Blood     Necr           6%         N/A       16%         2
 Confusing Touch          Hex            6%         N/A       32%         3
 Dazzling Flash           Conj/Hex       12%        N/A       32%         3
 Swiftness                Air            6%         N/A       32%         3
 Vampiric Draining        Necr           6%         2d6       32%         3
 Animate Dead             Necr           3%         N/A       71%         4
 Olgreb's Toxic Radiance  Pois           6%         N/A       71%         4
 Petrify                  Tmut/Erth      6%         N/A       71%         4
 Agony                    Necr           6%         N/A       96%         5
 Excruciating Wounds      Necr           3%         N/A       96%         5
 Irradiate                Conj/Tmut      3%         3d14      96%         5
 Silence                  Hex/Air        3%         N/A       96%         5
 Haunt                    Necr/Summ      3%         N/A       100%        7
 Ozocubu's Refrigeration  Ice            3%         4d5       100%        7
 Ignition                 Fire           16%        3d6       100%        8
 Infestation              Necr           3%         N/A       100%        8


Dungeon Overview and Level Annotations

Branches:
Dungeon (13/15)            Temple (0/1) D:5            Lair (6/6) D:8
  Swamp (0/4) Lair:2       Spider (0/4) Lair:4        Slime (0/5) Lair:6
    Orc (0/2) D:11        Ossuary (visited)         Gauntlet (visited)
 Vaults: D:13-14

Altars:
Dithmenos
Sif Muna
Vehumet

Shops:
D:9 (

Annotations:
D:3 1 runed translucent door, Icepheonix32's ghost, amateur DsFi
D:8 2 runed translucent doors


Innate Abilities, Weirdness & Mutations

You are too large for most types of armour.
You have tough skin. (AC +1)


Message History

The centaur wields a +0 shortbow.
The centaur shoots an arrow.
The arrow hits you.
The centaur shoots an arrow.
The arrow barely misses you.
The centaur warrior shoots an arrow.
The arrow hits you but does no damage.
The centaur warrior shoots an arrow.
The arrow hits you!
The centaur shoots an arrow.
The arrow barely misses you.
The centaur shoots an arrow.
The arrow barely misses you.
The centaur shoots an arrow.
The arrow hits you.
The centaur warrior unwields a +4 mace.
The centaur warrior wields a +0 shortbow.
The centaur warrior shoots an arrow.
The arrow hits you!
Unknown command.
The centaur shoots an arrow.
The arrow barely misses you.
The centaur warrior shoots an arrow.
The arrow hits you.
The centaur shoots an arrow.
The arrow barely misses you.
The centaur warrior shoots an arrow.
The arrow hits you!!
The centaur warrior shoots an arrow.
The arrow hits you!
The centaur warrior shoots an arrow.
The arrow hits you.
* * * LOW HITPOINT WARNING * * *
The centaur warrior unwields a +0 shortbow.
The centaur warrior wields a +4 mace.
The centaur warrior hits you with a +4 mace.
* * * LOW HITPOINT WARNING * * *
The centaur warrior kicks you but does no damage.
Unknown command.
You puncture the deep elf knight!
The deep elf knight is lightly wounded.
The centaur warrior hits you with a +4 mace.
* * * LOW HITPOINT WARNING * * *
The centaur warrior kicks you but does no damage.
The deep elf knight hits you with a +0 short sword!
* * * LOW HITPOINT WARNING * * *
The centaur warrior hits you with a +4 mace!
* * * LOW HITPOINT WARNING * * *
The centaur warrior kicks you.
* * * LOW HITPOINT WARNING * * *
As you read the scroll of teleportation, it crumbles to dust.
You feel strangely unstable.
The deep elf knight points at you and mumbles some strange words.
The shard of ice hits you!!!
You feel a painful chill!
You die...

......#.#.........#####.....#.'..
......#.#.^.......#.........#.#..
......#.#.........#.........#.##.
......#.#......)..#l........#..#.
......#.######...##c......?.#..#.
#######..>......c.c.cc......#..##
................cc..c.......#...#
...............ec######.....#...#
...............8@######.....#....
############..........#.....#....
...........#...8...8..#.....#....
...........#..........#.....#....
...........#...8...####.....)....
[..........#......#####.....####.
...........'...8............#..##
##+#########..........).....#....
............................#....


You could see 2 centaur warriors, a deep elf knight (fast), a basilisk
(summoned) and 4 centaurs.

Vanquished Creatures
  A stone giant (D:9)
  A dire elephant (Lair:6)
  A minotaur (Gauntlet)
  A green death (Gauntlet)
  A fire dragon (Lair:6)
  4 boulder beetles
  A rakshasa (D:9)
  8 hydras
  2 catoblepae
  6 centaur warriors (D:13)
  A two-headed ogre (D:9)
  A tengu warrior (D:13)
  Urug (Lair:2)
  Nergalle (Lair:3)
  A swamp dragon (Lair:2)
  An orc knight (D:13)
  A necromancer (Lair:2)
  2 lindwurms
  A deep elf pyromancer (D:13)
  6 cyclopes
  An ugly thing (D:12)
  A wolf spider (D:13)
  3 manticores
  7 elephants
  4 black mambas
  2 molten gargoyles (Lair:6)
  2 gargoyles
  12 cane toads
  4 centaur zombies
  A rime drake (Lair:3)
  2 torpor snails
  2 kobold demonologists
  A freezing wraith (D:9)
  16 komodo dragons
  An efreet (D:13)
  A tengu conjurer (D:13)
  3 trolls
  4 polar bears
  4 hornets
  2 slime creatures (Gauntlet)
  17 blink frogs
  4 jumping spiders (Lair:4)
  Sigmund (D:2)
  60 yaks
  6 wyverns
  9 basilisks
  A redback (Lair:4)
  4 steam dragons
  5 vampire mosquitoes
  16 water moccasins
  5 acid dragons
  A warg (D:11)
  6 orc warriors
  4 hell hounds (Lair:6)
  A meliai simulacrum (D:13)
  A sky beast (D:8)
  2 black bears
  An ice beast (D:7)
  A hornet zombie (D:7)
  7 ogres
  A necrophage (D:4)
  28 wolves
  8 centaurs
  5 kobold brigands
  10 bullfrogs
  Blork the orc (D:5)
  4 scorpions (D:5)
  A wyvern skeleton (D:6)
  3 water moccasin zombies
  5 wights (D:9)
  A howler monkey (D:13)
  An electric eel (Lair:2)
  5 lava snakes (Lair:6)
  A bullfrog zombie (D:5)
  5 hounds
  7 jellies
  A bullfrog skeleton (D:6)
  5 orc priests
  Jessica (D:2)
  4 iguanas
  8 orc wizards
  4 polar bear simulacra (Lair:2)
  A statue (D:13)
  4 yak simulacra (Lair:2)
  2 wolf simulacra (Lair:2)
  2 mummies (Ossuary)
  A howler monkey zombie (D:6)
  7 gnolls
  13 adders
  A white imp (D:8)
  2 ufetubi
  3 adder zombies
  An adder skeleton (D:4)
  A worm (D:4)
  A dart slug (D:5)
  23 orcs
  4 bats
  9 endoplasms
  4 giant cockroaches
  6 goblins
  9 hobgoblins
  6 jackals
  4 quokkas
  3 ball pythons
  4 frilled lizards
  2 gnoll zombies (Ossuary)
  12 hobgoblin zombies (Ossuary)
  13 kobolds
  5 kobold zombies (Ossuary)
  6 orc zombies (Ossuary)
  7 rats
  A river rat simulacrum (Lair:2)
  A butterfly (D:5)
  A plant (Lair:3)
535 creatures vanquished.

Vanquished Creatures (others)
  20 demonic plants (Gauntlet)
  23 foxfires (D:2)
  37 fungi
  40 plants
120 creatures vanquished.

Grand Total: 655 creatures vanquished

Notes
Turn   | Place    | Note
-------+----------+-------------------------------------------
     0 | D:1      | demenzo the Ogre Cinder Acolyte began the quest for the
                  | Orb.
     0 | D:1      | Reached XP level 1. HP: 24/24 MP: 2/2
   143 | D:1      | Reached XP level 2. HP: 32/32 MP: 2/4
   354 | D:1      | Learned a level 2 spell: Scorch
   495 | D:1      | Found a faded altar of an unknown god.
  1227 | D:2      | Reached XP level 3. HP: 35/40 MP: 0/5
  1465 | D:2      | Noticed Sigmund
  1469 | D:2      | Killed Sigmund
  1470 | D:2      | Reached skill level 5 in Fighting
  1470 | D:2      | Reached XP level 4. HP: 50/50 MP: 6/8
  1470 | D:2      | Reached XP level 5. HP: 57/57 MP: 6/9
  1808 | D:2      | Noticed Jessica
  1813 | D:2      | Killed Jessica
  1814 | D:2      | Reached XP level 6. HP: 66/66 MP: 3/10
  2975 | D:3      | Found a runed translucent door.
  2979 | D:3      | Noticed Icepheonix32's ghost (amateur DsFi)
  3527 | D:4      | Reached XP level 7. HP: 74/74 MP: 5/12
  3659 | D:4      | Reached skill level 5 in Maces & Flails
  4547 | D:4      | Reached XP level 8. HP: 82/84 MP: 3/14
  4837 | D:4      | Found a shimmering blue altar of Sif Muna.
  5369 | D:5      | Entered Level 5 of the Dungeon
  5369 | D:5      | Found a staircase to the Ecumenical Temple.
  5996 | D:5      | Reached skill level 5 in Spellcasting
  5996 | D:5      | Reached skill level 5 in Fire Magic
  6480 | D:5      | Noticed Blork the orc
  6492 | D:5      | Killed Blork the orc
  6493 | D:5      | Reached XP level 9. HP: 82/93 MP: 4/17
  8686 | D:7      | Found a sand-covered staircase.
  8698 | Ossuary  | Entered an ossuary
  8992 | D:7      | Identified a scroll of acquirement
  8992 | D:7      | Acquired the +2 hat of Lugonu's Inspiration {rC- rN++ Will+
                  | Int+2}
  9262 | D:7      | Reached XP level 10. HP: 105/107 MP: 19/19
  9930 | D:8      | Found a runed translucent door.
 10040 | D:8      | Found a runed translucent door.
 10149 | D:8      | Reached skill level 10 in Fighting
 10315 | D:8      | Found a staircase to the Lair.
 11127 | Lair:1   | Entered Level 1 of the Lair of Beasts
 11131 | Lair:1   | Noticed a black mamba
 11138 | Lair:1   | Killed a black mamba
 11139 | Lair:1   | Reached skill level 10 in Maces & Flails
 11418 | D:9      | Noticed a six-headed hydra
 11555 | Lair:1   | Noticed a seven-headed hydra
 11578 | Lair:1   | Killed a seven-headed hydra
 11646 | Lair:1   | Noticed a cane toad
 11651 | Lair:1   | Killed a cane toad
 12499 | Lair:1   | Reached XP level 11. HP: 123/123 MP: 20/20
 12868 | Lair:2   | Noticed a swamp dragon
 12873 | Lair:2   | Noticed Urug
 12877 | Lair:2   | Killed a swamp dragon
 13891 | Lair:2   | Noticed a four-headed hydra
 14005 | Lair:2   | Noticed a boulder beetle
 14019 | Lair:1   | Killed a boulder beetle
 14791 | Lair:2   | Killed a four-headed hydra
 14889 | Lair:2   | Found a staircase to the Swamp.
 14935 | Lair:2   | Reached XP level 12. HP: 126/136 MP: 13/21
 15008 | Lair:2   | Killed Urug
 15270 | Lair:2   | Noticed a catoblepas
 15293 | Lair:2   | Killed a catoblepas
 16884 | Lair:3   | Noticed a four-headed hydra
 16888 | Lair:3   | Killed a four-headed hydra
 16899 | Lair:3   | Reached skill level 15 in Fighting
 17310 | Lair:3   | Noticed Nergalle
 17333 | Lair:3   | Killed Nergalle
 17440 | Lair:2   | Reached skill level 15 in Maces & Flails
 18029 | Lair:3   | Found a shadowy altar of Dithmenos.
 18457 | Lair:3   | Reached XP level 13. HP: 144/150 MP: 22/22
 18520 | Lair:4   | Found a hole to the Spider Nest.
 18668 | Lair:4   | Found a gate leading to a gauntlet.
 18695 | Gauntlet | Entered a Gauntlet
 18695 | Gauntlet | Found a transporter.
 18695 | Gauntlet | Found a transporter.
 18741 | Gauntlet | Found a transporter.
 18756 | Gauntlet | Found a transporter.
 18759 | Gauntlet | Found a transporter.
 18759 | Gauntlet | Found a transporter.
 18761 | Gauntlet | Found a transporter.
 18761 | Gauntlet | Found a transporter.
 18766 | Gauntlet | Found a runed translucent door.
 18766 | Gauntlet | Found a runed translucent door.
 18773 | Gauntlet | Found a transporter.
 18789 | Gauntlet | Found a transporter.
 18797 | Gauntlet | Noticed a green death
 18798 | Gauntlet | Found a runed translucent door.
 18799 | Gauntlet | Found a transporter.
 18800 | Gauntlet | Found a runed translucent door.
 18813 | Gauntlet | Found a transporter.
 18833 | Gauntlet | Found a transporter.
 18836 | Gauntlet | Found a runed translucent gate.
 18836 | Gauntlet | Found a runed translucent gate.
 18836 | Gauntlet | Found a runed translucent gate.
 18845 | Gauntlet | Found a transporter.
 19045 | Gauntlet | Killed a green death
 19055 | Gauntlet | Identified the -4 hat "Luev" {Rampage}
 19099 | Gauntlet | Noticed a minotaur
 19109 | Gauntlet | Killed a minotaur
 19319 | Gauntlet | Identified the +8 hunting sling of Shame {flame, Fragile
                  | Str+7 Dex+3 Stlth-}
 21053 | Lair:6   | Entered Level 6 of the Lair of Beasts
 21568 | Lair:6   | Found a staircase to the Slime Pits.
 21568 | Lair:6   | Noticed a dire elephant
 21590 | Lair:6   | Killed a dire elephant
 21591 | Lair:6   | Reached XP level 14. HP: 131/166 MP: 23/23
 22912 | Lair:6   | Found a large runed translucent door.
 22913 | Lair:6   | Found a large runed translucent door.
 23901 | D:9      | Found Tuymewil's Weapon Shop.
 24183 | D:9      | Noticed a stone giant
 24188 | D:9      | Killed a stone giant
 24194 | D:9      | Identified the +6 short sword "Okoy" {flame, Str+2}
 24337 | D:10     | Entered Level 10 of the Dungeon
 25352 | D:11     | Found a staircase to the Orcish Mines.
 28494 | D:13     | Reached XP level 15. HP: 135/179 MP: 18/24
 28832 | D:13     | Found a radiant altar of Vehumet.
 29965 | D:13     | Killed from afar by a deep elf knight

Illustrated notes

Levels and vault maps discovered:
D:1:      minmay_arrival_open_corners, layout_basic,
          dreamdust_ecumenical_altar_statues, serial_park_tiny_1,
          hangedman_decor_slide_cut
D:2:      layout_rooms, serial_rivers, chequers_serial_rivers_small_b,
          chequers_serial_rivers_small_b, chequers_serial_rivers_marsh,
          chequers_serial_rivers_room_b, chequers_serial_rivers_large_a,
          uniq_jessica, uniq_sigmund
D:3:      layout_loops_cross, hellmonk_ghost_happy_afterlife,
          minmay_misc_feat_ornament, minmay_cut_off
D:4:      minmay_recursive_quarters, layout_loops_ring, led_sif_pool
D:5:      layout_basic, minmay_temple_entry_butterflies, uniq_blork_the_orc
D:6:      layout_rooms, chequers_serial_rivers_micro_a
D:7:      layout_loops_ring, nicolae_ossuary_entry_ruins
D:8:      cheibrodos_histonic, layout_cave_pods, david_lair_generic
D:9:      minmay_shrinking_squares, layout_irregular_city, serial_shops,
          nicolae_lakefront_shop
D:10:     layout_basic, st_stairs_8
D:11:     layout_roguey, erik_orc_3
D:12:     layout_basic
D:13:     minmay_quarter_circles, layout_irregular_city, serial_column_ruins,
          column_ruins_square_medium, column_ruins_hut_pillars,
          column_ruins_grid_1, column_ruins_columns_straight,
          column_ruins_open_small, column_ruins_corridor_straight,
          column_ruins_columns_T, column_ruins_columns_straight, vehumet_statue
Lair:1:   layout_layer_cave, grunt_megastairs_2, infiniplex_staircase_pool
Lair:2:   layout_hall_layers, minmay_swamp_entry_reptiles,
          eino_house_with_fridge, serial_bayou_shore_a, grunt_megastairs_5,
          uniq_urug
Lair:3:   layout_cave_pods, lemuel_centaur_altar, uniq_nergalle
Lair:4:   layout_long_grid, spider_nest_entry_a, gauntlet_entry_generic
Lair:5:   layout_gridlike, beast_lair_carwin_6
Lair:6:   cheibrodos_lair_end_hotspot, layout_hall_layers,
          nicolae_slime_entry_slimehenge, wad_woods_road_03

Skill      XL: |  1  2  3  4  5  6  7  8  9 10 11 12 13 14 15 |
---------------+----------------------------------------------+-----
Maces & Flails | 3 4 5 7 9 11 13 15 16 18 19 | 19.1
Fire Magic     | 3 4 5 |  5.4
Spellcasting   | 2 3 4 5 6 |  6.0
Fighting       | 5 6 7 9 11 13 15 17 18 19 | 19.3

Action                   |  1- 3 |  4- 6 |  7- 9 | 10-12 | 13-15 || total
-------------------------+-------+-------+-------+-------+-------++-------
Melee: Mace              |    92 |    56 |    86 |       |       ||   234
       Punch             |       |       |     1 |       |       ||     1
       Giant spiked club |       |       |    88 |   254 |   532 ||   874
 Fire: Shortbow          |       |       |       |     5 |     1 ||     6
Throw: Dart              |       |     2 |       |     7 |       ||     9
       Boomerang         |       |       |       |     2 |       ||     2
 Cast: Scorch            |     6 |    37 |   118 |    42 |       ||   203
Invok: Foxfire Swarm     |     1 |       |       |       |       ||     1
       Fiery Armour      |       |       |       |     4 |     1 ||     5
Evoke: Wand              |       |       |       |     3 |       ||     3
  Use: Scroll            |       |     1 |    15 |     4 |     8 ||    28
 Stab: Distracted        |       |       |       |     3 |     5 ||     8
       Paralysed         |       |       |       |     2 |       ||     2
Armor: Robe              |    34 |    20 |    37 |       |       ||    91
       Steam dragon scal |       |       |    30 |   118 |   156 ||   304
       Acid dragon scale |       |       |       |       |   127 ||   127
Dodge: Dodged            |    46 |    35 |   138 |   195 |   312 ||   726
